 Dungeon Crawl Stone Soup version 0.25-a0-670-g50981ef (webtiles) character file.

Game seed: 14985480307969547069, levelgen mode: deterministic

7257 Faels the Severer (level 10, -1/80 HPs)
             Began as a Minotaur Fighter on Mar 29, 2020.
             Was an Elder of Okawaru.
             Slain by a vampire (8 damage)
             ... on level 10 of the Dungeon.
             The game lasted 00:40:05 (9761 turns).

Faels the Severer (Minotaur Fighter)                Turns: 9761, Time: 00:40:06

Health: -1/80      AC: 12    Str: 23    XL:     10   Next: 88%
Magic:  10/10      EV: 10    Int:  5    God:    Okawaru [****..]
Gold:   390        SH: 10    Dex: 11    Spells: 9/9 levels left

rFire    . . .     SeeInvis .   Q - +1 war axe (vorpal)
rCold    + + .     Gourm    .   c - +0 kite shield
rNeg     + . .     Faith    .   J - +2 ring mail {rC+}
rPois    +         Spirit   .   (helmet restricted)
rElec    .         Reflect  .   (no cloak)
rCorr    .         Harm     .   s - +0 pair of gloves
MR       .....                  F - +0 pair of boots
Stlth    +.........             (no amulet)
HPRegen  0.23/turn              m - ring of positive energy
MPRegen  0.12/turn              D - ring of poison resistance

@: berserk cooldown, slowed, very slow
A: retaliatory headbutt, horns 2, slimy green scales 1, cold resistance 1,
screaming 1
a: Heroism, Renounce Religion


You were on level 10 of the Dungeon.
You worshipped Okawaru.
Okawaru was greatly pleased with you.
You were not hungry.

You visited 2 branches of the dungeon, and saw 11 of its levels.

You collected 516 gold pieces.
You spent 126 gold pieces at shops.

Inventory:

Hand Weapons
 l - a +2 dagger of venom
 L - a +2 flail of freezing
 Q - a +1 vorpal war axe (weapon)
Missiles
 i - 58 poisoned darts (quivered)
 E - 9 silver javelins
 K - a throwing net
 O - 4 boomerangs
Armour
 b - a +0 scale mail
 c - a +0 kite shield (worn)
 s - a +0 pair of gloves (worn)
 F - a +0 pair of boots (worn)
 J - a +2 ring mail of cold resistance (worn)
Jewellery
 j - a +3 ring of dexterity
 m - a ring of positive energy (left hand)
 t - an uncursed ring of see invisible
 D - a ring of poison resistance (right hand)
 H - an uncursed ring of fire
Wands
 a - a wand of random effects (14)
 x - a wand of acid (15)
 y - a wand of iceblast (7)
 B - a wand of polymorph (9)
Scrolls
 e - 5 scrolls of remove curse
 g - 3 scrolls of enchant weapon
 h - a scroll of identify
 k - a scroll of fog
 n - 4 scrolls of enchant armour
 p - 3 scrolls of blinking
 q - a scroll of noise
 r - a scroll of immolation
 u - 3 scrolls of random uselessness
 M - 3 scrolls of teleportation
Potions
 d - a potion of might
 o - a potion of curing {unknown}
 z - a potion of magic
 A - a potion of degeneration
 C - 2 potions of haste
 N - a potion of heal wounds
Comestibles
 f - 16 rations
 v - 4 chunks of flesh


   Skills:
 + Level 4.5 Fighting
 - Level 17.4 Axes
 - Level 1.8 Throwing
 + Level 4.5 Armour
 + Level 2.8 Dodging
 + Level 4.5 Shields
 + Level 1.9 Invocations


You had 9 spell levels left.
You didn't know any spells.
Your spell library contained the following spells:

 Spells                   Type           Power        Failure   Level  Hunger
 Confusing Touch          Hex            #.......     100%        3    ####...
 Gell's Gravitas          Tloc           #.........   100%        3    ####...
 Petrify                  Tmut/Erth      #.......     100%        4    #####..
 Metabolic Englaciation   Hex/Ice        #.........   100%        5    ######.
 Yara's Violent Unravell  Hex/Tmut       #.........   100%        5    ######.


Dungeon Overview and Level Annotations

Branches:
Dungeon (10/15)            Temple (1/1) D:6
   Lair: D:8-11         Orc: D:9-12

Altars:
Ashenzari
Cheibriados
Dithmenos
Elyvilon
Fedhas
Gozag
Hepliaklqana
Kikubaaqudgha
Makhleb
Nemelex Xobeh
Okawaru
Qazlal
Ru
Sif Muna
Trog
Uskayaw
Vehumet
Wu Jian
Xom
Yredelemnul
Zin
The Shining One

Shops:
D:4 }   D:7 :


Innate Abilities, Weirdness & Mutations

You reflexively headbutt those who attack you in melee.
You have a pair of horns on your head.
You are partially covered in slimy green scales. (AC +2)
Your flesh is cold resistant. (rC+)
You occasionally shout uncontrollably at your foes.


Message History

You bump into the rock wall.
You are no longer berserk.
You are exhausted.
You feel yourself slow down. Something hits you!
* * * LOW HITPOINT WARNING * * *
Something bites you!
* * * LOW HITPOINT WARNING * * *
Something draws strength from your injuries!
You bump into the rock wall.
Something hits you but does no damage. Something bites you but does no damage.
You're too confused to move!
You feel less confused. Something hits you!
* * * LOW HITPOINT WARNING * * *
Something bites you but does no damage. You block something's attack.
Something bites you.
* * * LOW HITPOINT WARNING * * *
Your shield prevents you from hitting something.
You headbutt something. Something hits you!
You die...

Y.#####.#.<.......
#.#..######.
#รท#..# #.#..#
#.#..# #.#...
#.#.## #[#. #@#
#{#


go# .go# ....# .....# .....## ...... You could see 2 gnolls and 2 orcs.

Vanquished Creatures
  A two-headed ogre (D:9)
  Pikel (D:6)
  A troll (D:9)
  A hippogriff (D:9)
  Eustachio (D:6)
  A wyvern (D:8)
  3 yaks
  Menkaure (D:4)
  Duvessa (D:7)
  7 ice beasts
  4 orc warriors
  A sky beast (D:3)
  4 slaves (D:6)
  4 ogres
  5 centaurs
  2 wolves
  A big kobold (D:9)
  5 bullfrogs
  A water moccasin zombie (D:7)
  Dowan (D:7)
  4 scorpions
  10 wights
  4 killer bees (D:9)
  3 howler monkeys
  6 crimson imps
  2 orc priests
  A jelly (D:7)
  3 hounds
  12 orc wizards
  3 centaur skeletons
  5 worker ants
  4 iguanas
  Ijyb (D:4)
  A killer bee zombie (D:9)
  A bullfrog simulacrum (D:8)
  2 hound skeletons
  A killer bee simulacrum (D:8)
  10 adders
  4 shadow imps
  A white imp (D:8)
  2 ufetubi (D:8)
  2 oozes
  2 adder skeletons
  2 adder zombies (D:5)
  2 worms (D:3)
  A dart slug (D:2)
  4 leopard geckos
  36 orcs
  4 ball pythons
  3 giant cockroaches
  8 goblins
  6 hobgoblins
  10 jackals
  3 quokkas
  9 bats
  7 frilled lizards
  8 kobolds
  A leopard gecko skeleton (D:5)
  2 quokka skeletons
  7 rats
243 creatures vanquished.

Vanquished Creatures (others)
  An ufetubus (D:7)
1 creature vanquished.

Grand Total: 244 creatures vanquished

Notes
Turn   | Place    | Note
-------+----------+-------------------------------------------
     0 | D:1      | Faels the Minotaur Fighter began the quest for the Orb.
     0 | D:1      | Reached XP level 1. HP: 19/19 MP: 0/0
   177 | D:1      | Reached skill level 3 in Axes
   207 | D:1      | Reached XP level 2. HP: 26/26 MP: 1/1
   209 | D:1      | Reached skill level 1 in Dodging
   765 | D:2      | Reached XP level 3. HP: 29/31 MP: 2/2
   816 | D:2      | Reached skill level 4 in Axes
  1150 | D:2      | Reached skill level 1 in Throwing
  1150 | D:2      | Reached XP level 4. HP: 35/39 MP: 3/3
  1408 | D:3      | Reached skill level 5 in Axes
  1408 | D:3      | Reached XP level 5. HP: 45/45 MP: 4/4
  1531 | D:3      | Found a faded altar of an unknown god.
  1865 | D:3      | Reached skill level 6 in Axes
  2030 | D:3      | Noticed a sky beast
  2051 | D:3      | Killed a sky beast
  2051 | D:3      | Reached skill level 7 in Axes
  2051 | D:3      | Reached XP level 6. HP: 43/51 MP: 5/5
  2371 | D:4      | Found Raizasm's Gadget Shop.
  2395 | D:4      | Bought a wand of iceblast (5) for 126 gold pieces
  2848 | D:4      | You fall into a shaft and drop 1 floor!
  2848 | D:5      | Entered Level 5 of the Dungeon
  2860 | D:5      | Reached skill level 8 in Axes
  2871 | D:5      | Reached XP level 7. HP: 27/57 MP: 6/6
  2996 | D:5      | Reached skill level 9 in Axes
  3556 | D:4      | Found a glowing silver altar of Zin.
  3556 | D:4      | Found a snail-covered altar of Cheibriados.
  3559 | D:4      | Found a shattered altar of Ashenzari.
  3560 | D:4      | Found an ancient bone altar of Kikubaaqudgha.
  3560 | D:4      | Found a glowing golden altar of the Shining One.
  3560 | D:4      | Found an ornate altar of the Wu Jian Council.
  3561 | D:4      | Found a hide-covered altar of Uskayaw.
  3561 | D:4      | Found a stormy altar of Qazlal.
  3732 | D:4      | Noticed Ijyb
  3742 | D:4      | Killed Ijyb
  3742 | D:4      | Reached skill level 10 in Axes
  3810 | D:4      | Noticed Menkaure
  3823 | D:4      | Killed Menkaure
  4240 | D:5      | Found a shimmering altar of Xom.
  4441 | D:6      | Reached XP level 8. HP: 64/64 MP: 7/7
  4448 | D:6      | Reached skill level 11 in Axes
  4615 | D:6      | Found a staircase to the Ecumenical Temple.
  4717 | D:6      | Reached skill level 12 in Axes
  4744 | Temple   | Entered the Ecumenical Temple
  4857 | Temple   | Became a worshipper of Warmaster Okawaru
  4894 | D:6      | Found a burning altar of Makhleb.
  4894 | D:6      | Noticed a green death
  4895 | D:6      | Noticed Eustachio
  4916 | D:6      | Killed Eustachio
  4944 | D:6      | Gained mutation: Your flesh is cold resistant. (rC+)
                  | [potion of mutation]
  4944 | D:6      | Gained mutation: You occasionally shout uncontrollably at
                  | your foes. [potion of mutation]
  4944 | D:6      | Gained mutation: You are partially covered in slimy green
                  | scales. (AC +2) [potion of mutation]
  4979 | D:6      | Reached skill level 13 in Axes
  5332 | D:6      | Reached * piety under Okawaru
  5332 | D:6      | Reached XP level 9. HP: 70/70 MP: 8/8
  5345 | D:6      | Found a basalt altar of Yredelemnul.
  5446 | D:6      | Noticed Pikel
  5491 | D:6      | Killed Pikel
  5491 | D:6      | Reached skill level 14 in Axes
  5629 | D:6      | Found a white marble altar of Elyvilon.
  5967 | D:7      | Found Egrutok's Book Shoppe.
  5975 | D:7      | You fall into a shaft and drop 1 floor!
  6427 | D:7      | Noticed Duvessa
  6428 | D:7      | Noticed Dowan
  6431 | D:7      | Reached ** piety under Okawaru
  6431 | D:7      | Reached skill level 15 in Axes
  6441 | D:7      | Killed Dowan
  6442 | D:7      | Killed Duvessa
  7423 | D:8      | Reached skill level 16 in Axes
  7423 | D:8      | Reached XP level 10. HP: 73/77 MP: 9/9
  7647 | D:8      | Reached *** piety under Okawaru
  8263 | D:9      | Found a blossoming altar of Fedhas.
  8275 | D:9      | Found an opulent altar of Gozag.
  8334 | D:9      | Received a gift from Okawaru
  8340 | D:9      | Reached skill level 17 in Axes
  8772 | D:9      | Found a shimmering altar of Xom.
  9173 | D:9      | Noticed a two-headed ogre
  9195 | D:9      | Killed a two-headed ogre
  9195 | D:9      | Reached **** piety under Okawaru
  9195 | D:9      | Reached skill level 1 in Invocations
  9342 | D:9      | Found a burning altar of Makhleb.
  9700 | D:10     | Entered Level 10 of the Dungeon
  9761 | D:10     | Slain by a vampire

Levels and vault maps discovered:
D:1:      dpeg_arrival_arbitrary_b, layout_basic
D:2:      layout_basic, minmay_tromino_v4_c
D:3:      layout_loops_ring, chequers_ecumenical_altar_twisty, first_ration,
          minmay_randomly_rotated_circles
D:4:      layout_loops_ring, grunt_temple_overflow_open, serial_shops,
          shop_statue, uniq_ijyb, uniq_menkaure
D:5:      layout_basic, brannock_xom_greatest_gift
D:6:      layout_rooms, kennysheep_ying_yang, makhleb_altar_promises_db,
          temple_pool_b, corner_web_ring, minmay_misc_feat_square,
          uniq_eustachio, uniq_pikel
D:7:      layout_loops_ring, serial_shops, nicolae_shop_statue_plus,
          grunt_ogre_cave, uniq_duvessa
D:8:      layout_layer_cave, serial_ice, serial_ice_n, serial_ice_a,
          serial_ice_c, serial_ice_b, minmay_door_square
D:9:      layout_cave_pods, fedhas_altar_3, kennysheep_mini,
          hangedman_feature_mirror
D:10:     layout_basic, erik_lair_orcish_takeover,
          minmay_orc_entry_temple_small, uniq_sonja, uniq_josephine
Temple:   nicolae_temple_figure_zero

Skill      XL: |  1  2  3  4  5  6  7  8  9 10 |
---------------+-------------------------------+-----
Axes           | 3 4 5 7 8 10 13 16 17 | 17.4
Dodging        | 1 2 |  2.8
Throwing       | 1 |  1.8
Fighting       | 4 |  4.5
Armour         | 4 |  4.5
Shields        | 4 |  4.5
Invocations    | 1 |  1.9

Action                   |  1- 3 |  4- 6 |  7- 9 | 10-12 || total
-------------------------+-------+-------+-------+-------++-------
Melee: War axe           |    94 |   162 |   304 |   216 ||   776
       Headbutt          |    13 |    25 |    71 |    44 ||   153
Throw: Dart              |       |       |     2 |       ||     2
Invok: Heroism           |       |       |     1 |     5 ||     6
Evoke: Wand              |       |       |     2 |       ||     2
  Use: Potion            |       |     3 |     5 |     1 ||     9
       Scroll            |       |       |    13 |       ||    13
  Eat: Chunk             |     1 |     6 |    10 |     8 ||    25
       Ration            |       |       |     1 |       ||     1
Armor: Scale mail        |    65 |    63 |    84 |       ||   212
       Skin              |       |       |     3 |       ||     3
       Ring mail         |       |       |    20 |    77 ||    97
Dodge: Dodged            |    40 |    47 |    65 |    55 ||   207
Block: Kite shield       |    59 |    87 |   131 |    90 ||   367

Table legend:
 A = Non-vault XP
 B = Vault XP
 C = Vault XP percentage of total XP
 D = Non-vault monster count
 E = Vault monster count
 F = Vault count percentage of total count
                 A         B        C        D         E       F
            +---------+---------+-------+---------+---------+-------
      Total |    6966 |    3402 |  32.8 |     209 |      31 |  12.9
            +---------+---------+-------+---------+---------+-------
        D:1 |      26 |       0 |   0.0 |      18 |       0 |   0.0
        D:2 |      97 |       5 |   4.9 |      29 |       2 |   6.5
        D:3 |     286 |      30 |   9.5 |      20 |       6 |  23.1
        D:4 |     173 |     207 |  54.5 |      13 |       2 |  13.3
        D:5 |     595 |       0 |   0.0 |      19 |       0 |   0.0
        D:6 |    1242 |     887 |  41.7 |      32 |       2 |   5.9
        D:7 |    1021 |     460 |  31.1 |      19 |       5 |  20.8
        D:8 |     618 |     705 |  53.3 |       6 |       9 |  60.0
        D:9 |    2513 |    1108 |  30.6 |      48 |       5 |   9.4
       D:10 |     395 |       0 |   0.0 |       5 |       0 |   0.0
            +---------+---------+-------+---------+---------+-------
